 Dungeon Sprint DCSS version 0.30-a0-918-g0ff054e9dc (webtiles) character file.

Game seed: 12552584006749367921

22059 rocky1 the Shatterer (level 12, -13/125 HPs)
             Began as a Minotaur Gladiator on Mar 20, 2023.
             Was an Initiate of Gozag.
             Mangled by a stone giant (30 damage)
             ... in the Dungeon (Sprint IX: "|||||||||||||||||||||||||||||") on Mar 21, 2023.
             The game lasted 00:13:32 (3628 turns).

rocky1 the Shatterer (Minotaur Gladiator)           Turns: 3628, Time: 00:13:32

Health: -13/125    AC: 28    Str: 23    XL:     12   Next: 59%
Magic:  11/11      EV: 15    Int:  5    God:    Gozag
Gold:   4155       SH:  0    Dex: 13    Spells: 11/11 levels left

rFire   . . .      SeeInvis .    o - +2 dire flail (protect)
rCold   . . .      Faith    .    (shield currently unavailable)
rNeg    . . .      Spirit   .    r - +1 chain mail
rPois   +          Reflect  .    c - +0 hat
rElec   .          Rampage  .    b - +0 cloak
rCorr   .          NoTele   +    q - +0 pair of gloves
Will    +....                    D - +1 pair of boots {Stlth+} Stlth
                                 (no amulet)
HPRegen 0.40/turn                F - ring of poison resistance
MPRegen 0.12/turn                E - ring of willpower

@: gold aura, under a protective aura
A: horns 2, retaliatory headbutt
a: Renounce Religion, Potion Petition, Call Merchant, Bribe Branch


You were in the Dungeon.
You worshipped Gozag.
Gozag was most pleased with you.
You visited 1 branch You collected 8168 gold pieces.
You spent 1726 gold pieces at shops.
You paid 2287 gold pieces to Gozag.

Inventory:

Hand Weapons
 o - a +2 dire flail of protection (weapon)
Missiles
 d - 3 throwing nets
 e - 3 javelins (quivered)
Armour
 b - a +0 cloak (worn)
 c - a +0 hat (worn)
 q - a +0 pair of gloves (worn)
 r - a +1 chain mail (worn)
 D - a +1 pair of boots of stealth (worn)
 I - a +1 pair of gloves
 J - a +1 tower shield
Jewellery
 s - a +3 ring of dexterity
 t - a +3 ring of intelligence
 E - a ring of willpower (right hand)
 F - a ring of poison resistance (left hand)
 G - a ring of see invisible
 H - a ring of willpower
Wands
 n - a wand of roots (14)
 w - a wand of digging (6)
Scrolls
 a - a scroll of butterflies
 k - 3 scrolls of blinking
 m - 2 scrolls of amnesia
 x - 2 scrolls of fear
 y - 2 scrolls of identify
 z - 6 scrolls of enchant armour
 L - a scroll of fog
 M - 2 scrolls of enchant weapon
Potions
 f - a potion of invisibility
 g - 7 potions of heal wounds
 h - 4 potions of haste
 i - 4 potions of magic
 j - 3 potions of brilliance
 l - 7 potions of curing
 p - a potion of ambrosia
 u - 2 potions of flight
 v - 2 potions of mutation
 A - 4 potions of might
 B - 2 potions of resistance
 C - a potion of attraction
 K - a potion of berserk rage


   Skills:
 + Level 17.5 Fighting
 * Level 23.9 Maces & Flails
 + Level 7.3 Throwing
 + Level 17.3 Armour
 + Level 16.3 Dodging


You had 11 spell levels left.
You didn't know any spells.
Your spell library contained the following spells:

 Spells                   Type           Power      Damage    Failure   Level
 Portal Projectile        Hex/Tloc       0%         N/A       99%         3
 Tukima's Dance           Hex            0%         N/A       99%         3
 Blade Hands              Tmut           0%         N/A       100%        5


Dungeon Overview and Level Annotations

Branches:
Dungeon (1/1)

Altars:
Cheibriados
Dithmenos
Elyvilon
Fedhas
Gozag
Hepliaklqana
Kikubaaqudgha
Makhleb
Nemelex Xobeh
Okawaru
Qazlal
Ru
Sif Muna
Trog
Uskayaw
Vehumet
Wu Jian
Xom
Yredelemnul
Zin
The Shining One
Jiyva
Lugonu

Shops:
D =(*!**


Innate Abilities, Weirdness & Mutations

You have a pair of horns on your head.
You reflexively headbutt those who attack you in melee.


Message History

You kill the sphinx!
The fire giant casts a spell at you. The bolt of fire misses you.
Your Throwing skill increases to level 7!
Unknown command.
The fire giant hits you but does no damage.
You see here 225 gold pieces.
You impale the fire giant!!
You headbutt the fire giant, but do no damage.
The fire giant is heavily wounded.
You impale the fire giant!! Your headbutt misses the fire giant.
The fire giant is severely wounded.
The fire giant hits you with a +2 great sword of flaming.
The fire giant burns you.
You puncture the fire giant!
The fire giant is almost dead.
The fire giant gestures at you while chanting.
The bolt of fire hits you!!
A necromancer comes into view. It is wielding a +0 dagger.
You impale the fire giant!!
You kill the fire giant!
The stone giant hits you!!
* * * LOW HITPOINT WARNING * * *
The necromancer is distracted by your dazzling golden aura.
Things that are here:
189 gold pieces; a +2 great sword of flaming Unknown command.
The necromancer shouts!
You hit the stone giant.
The stone giant is moderately wounded.
The stone giant hits you but does no damage.
You sock the stone giant!
You headbutt the stone giant, but do no damage.
The stone giant is heavily wounded.
You hit the stone giant but do no damage.
The stone giant is heavily wounded.
The necromancer is no longer distracted by gold.
The stone giant hits you!!
You die...
Your body crumbles into a pile of gold.

...[[[..'(.[[........'.........'.
▓▓▓▓▓▓▓▓▓▓▓▓▓▓▓▓▓▓▓▓▓▓▓▓▓▓▓▓▓▓▓▓▓
.....................)...........
▓▓▓▓▓▓▓▓▓▓▓▓▓▓▓▓▓▓▓▓▓▓▓▓▓▓▓▓▓▓▓▓▓
....'...∩[∩[∩.∩.∩)))))'..).).))))
▓▓▓▓▓▓▓▓▓▓▓▓▓▓▓▓▓▓▓▓▓▓▓▓▓▓▓▓▓▓▓▓▓
.................................
▓▓▓▓▓▓▓▓▓▓▓▓▓▓▓▓▓▓▓▓▓▓▓▓▓▓▓▓▓▓▓▓▓
.p{W{WC@$$$$$..........[
▓▓▓▓▓▓▓▓▓▓▓▓▓▓▓▓▓▓▓▓▓▓▓▓


You could see a stone giant, a necromancer, a wraith (summoned) and a shadow
(summoned).

Vanquished Creatures
  A sphinx (D)
  A fire giant (D)
  A catoblepas (D)
  A centaur warrior (D)
  2 two-headed ogres (D)
  A deep troll shaman (D)
  2 orc high priests (D)
  6 death yaks (D)
  Urug (D)
  2 ugly things (D)
  3 orc knights (D)
  5 orc sorcerers (D)
  2 cyclopes (D)
  3 deep elf pyromancers (D)
  A manticore (D)
  2 elephants (D)
  5 cane toads (D)
  2 rime drakes (D)
  An efreet (D)
  A troll (D)
  A slime creature (D)
  A shadow (D)
  A wyvern (D)
  A basilisk (D)
  5 yaks (D)
  2 water moccasins (D)
  9 orc warriors (D)
  A boggart (D)
  A centaur (D)
  2 bullfrogs (D)
  A wight (D)
  A jelly (D)
  6 orc priests (D)
  3 orc wizards (D)
  A gnoll (D)
  An adder (D)
  A white imp (D)
  9 orcs (D)
  A bat simulacrum (D)
  An endoplasm (D)
  A hobgoblin (D)
  A kobold (D)
  2 rats (D)
96 creatures vanquished.

Vanquished Creatures (others)
  An orc wizard (D)
  An orc (D)
2 creatures vanquished.

Grand Total: 98 creatures vanquished

Notes
Turn   | Place    | Note
-------+----------+-------------------------------------------
     0 | D        | rocky1 the Minotaur Gladiator began the quest for the Orb.
     0 | D        | Reached XP level 1. HP: 18/18 MP: 0/0
     7 | D        | Reached skill level 4 in Maces & Flails
     7 | D        | Reached skill level 1 in Armour
   221 | D        | Noticed an orc wizard
   221 | D        | Noticed a jelly
   224 | D        | Killed a jelly
   225 | D        | Reached skill level 6 in Maces & Flails
   225 | D        | Reached XP level 2. HP: 21/27 MP: 1/1
   225 | D        | Reached XP level 3. HP: 26/33 MP: 2/2
   618 | D        | Found a snail-covered altar of Cheibriados.
   618 | D        | Found a shadowy altar of Dithmenos.
   618 | D        | Found a white marble altar of Elyvilon.
   618 | D        | Found a blossoming altar of Fedhas.
   618 | D        | Found an opulent altar of Gozag.
   619 | D        | Found a hazy altar of Hepliaklqana.
   620 | D        | Found a viscous altar of Jiyva.
   621 | D        | Found an ancient bone altar of Kikubaaqudgha.
   622 | D        | Found a corrupted altar of Lugonu.
   623 | D        | Found a burning altar of Makhleb.
   624 | D        | Found a sparkling altar of Nemelex Xobeh.
   625 | D        | Found an iron altar of Okawaru.
   626 | D        | Became a worshipper of Gozag Ym Sagoz the Greedy
   627 | D        | Found a stormy altar of Qazlal.
   628 | D        | Found a sacrificial altar of Ru.
   629 | D        | Found a shimmering blue altar of Sif Muna.
   630 | D        | Found a bloodstained altar of Trog.
   631 | D        | Found a hide-covered altar of Uskayaw.
   632 | D        | Found a radiant altar of Vehumet.
   633 | D        | Found an ornate altar of the Wu Jian Council.
   634 | D        | Found a shimmering altar of Xom.
   635 | D        | Found a basalt altar of Yredelemnul.
   636 | D        | Found a glowing silver altar of Zin.
   637 | D        | Found a glowing golden altar of the Shining One.
   692 | D        | Noticed a wyvern
   692 | D        | Noticed a two-headed ogre
   692 | D        | Noticed a wight
   692 | D        | Noticed a shadow
   692 | D        | Noticed a troll
   692 | D        | Noticed a centaur
   693 | D        | Killed a centaur
   694 | D        | Reached skill level 5 in Fighting
   694 | D        | Reached skill level 8 in Maces & Flails
   694 | D        | Reached skill level 5 in Armour
   694 | D        | Reached skill level 5 in Dodging
   694 | D        | Reached XP level 4. HP: 44/44 MP: 3/3
   694 | D        | Reached XP level 5. HP: 50/50 MP: 4/4
   699 | D        | Killed a troll
   700 | D        | Reached skill level 10 in Maces & Flails
   700 | D        | Reached XP level 6. HP: 59/60 MP: 5/5
   707 | D        | Killed a shadow
   708 | D        | Reached skill level 11 in Maces & Flails
   715 | D        | Killed a two-headed ogre
   716 | D        | Reached skill level 13 in Maces & Flails
   716 | D        | Reached XP level 7. HP: 18/71 MP: 6/6
   716 | D        | Reached XP level 8. HP: 20/79 MP: 7/7
   723 | D        | Reached skill level 10 in Fighting
   723 | D        | Reached skill level 14 in Maces & Flails
  1089 | D        | Noticed a deep elf pyromancer
  1089 | D        | Noticed a manticore
  1089 | D        | Noticed a slime creature
  1089 | D        | Noticed a white ugly thing
  1089 | D        | Noticed an efreet
  1089 | D        | Noticed a two-headed ogre
  1095 | D        | Killed a two-headed ogre
  1096 | D        | Reached skill level 15 in Maces & Flails
  1096 | D        | Reached skill level 10 in Armour
  1096 | D        | Reached skill level 10 in Dodging
  1099 | D        | Killed an efreet
  1100 | D        | Reached XP level 9. HP: 89/89 MP: 8/8
  1106 | D        | Killed a white ugly thing
  1107 | D        | Reached skill level 16 in Maces & Flails
  1120 | D        | Killed a manticore
  1128 | D        | Killed a deep elf pyromancer
  1129 | D        | Reached skill level 17 in Maces & Flails
  1484 | D        | Noticed a cane toad
  1484 | D        | Noticed a rime drake
  1484 | D        | Noticed a rime drake
  1484 | D        | Noticed a cane toad
  1486 | D        | Noticed a cane toad
  1487 | D        | Killed a cane toad
  1492 | D        | Killed a rime drake
  1492 | D        | Noticed a cane toad
  1493 | D        | Reached XP level 10. HP: 100/100 MP: 9/9
  1506 | D        | Reached skill level 18 in Maces & Flails
  1510 | D        | Killed a cane toad
  1515 | D        | Killed a cane toad
  1525 | D        | Killed a cane toad
  1831 | D        | Noticed an elephant
  1831 | D        | Noticed a catoblepas
  1831 | D        | Noticed a cane toad
  1839 | D        | Noticed an elephant
  1868 | D        | Killed a catoblepas
  1869 | D        | Reached skill level 19 in Maces & Flails
  1874 | D        | Killed a cane toad
  1882 | D        | Killed an elephant
  1893 | D        | Killed an elephant
  2143 | D        | Noticed a death yak
  2143 | D        | Noticed a death yak
  2143 | D        | Noticed a death yak
  2143 | D        | Noticed a death yak
  2143 | D        | Noticed a death yak
  2146 | D        | Noticed a death yak
  2149 | D        | Killed a death yak
  2150 | D        | Reached skill level 20 in Maces & Flails
  2150 | D        | Reached XP level 11. HP: 102/111 MP: 10/10
  2159 | D        | Killed a death yak
  2167 | D        | Killed a death yak
  2168 | D        | Reached skill level 15 in Fighting
  2178 | D        | Killed a death yak
  2187 | D        | Killed a death yak
  2188 | D        | Reached skill level 21 in Maces & Flails
  2188 | D        | Reached skill level 15 in Armour
  2200 | D        | Killed a death yak
  2321 | D        | Noticed Urug
  2338 | D        | Killed Urug
  2587 | D        | Noticed an orc sorcerer
  2600 | D        | Noticed a soul eater
  2600 | D        | Killed an orc sorcerer
  2904 | D        | Bought a potion of mutation for 128 gold pieces
  2904 | D        | Bought a potion of curing for 48 gold pieces
  2904 | D        | Bought a potion of resistance for 160 gold pieces
  2904 | D        | Bought a potion of brilliance for 64 gold pieces
  2904 | D        | Bought a potion of attraction for 48 gold pieces
  2904 | D        | Bought a potion of resistance for 160 gold pieces
  2904 | D        | Bought a potion of might for 64 gold pieces
  2920 | D        | Bought a +1 pair of boots of stealth for 231 gold pieces
  2934 | D        | Noticed an orc knight
  2950 | D        | Noticed an orc high priest
  2959 | D        | Killed an orc knight
  2960 | D        | Reached skill level 15 in Dodging
  2962 | D        | Reached skill level 22 in Maces & Flails
  2983 | D        | Killed an orc high priest
  3048 | D        | Found Wiunnex's General Store.
  3048 | D        | Noticed an orc sorcerer
  3048 | D        | Noticed an orc high priest
  3049 | D        | Noticed an orc sorcerer
  3052 | D        | Killed an orc high priest
  3055 | D        | Found Uppuwun's Distillery.
  3055 | D        | Noticed an orc sorcerer
  3062 | D        | Killed an orc sorcerer
  3063 | D        | Found Dadweitt's General Store.
  3068 | D        | Killed an orc sorcerer
  3069 | D        | Reached XP level 12. HP: 103/124 MP: 11/11
  3076 | D        | Reached skill level 5 in Throwing
  3076 | D        | Found Sieneosm's Antique Weapon Shop.
  3372 | D        | Bought a scroll of butterflies for 56 gold pieces
  3374 | D        | Bought a potion of might for 56 gold pieces
  3374 | D        | Bought a potion of heal wounds for 70 gold pieces
  3374 | D        | Bought a potion of haste for 140 gold pieces
  3374 | D        | Bought a potion of heal wounds for 70 gold pieces
  3374 | D        | Bought a potion of curing for 42 gold pieces
  3374 | D        | Bought a potion of ambrosia for 112 gold pieces
  3374 | D        | Bought a potion of might for 56 gold pieces
  3376 | D        | Bought a scroll of blinking for 97 gold pieces
  3376 | D        | Bought a wand of roots (4) for 124 gold pieces
  3381 | D        | Upgraded the game from 0.30-a0-913-g9934a0ce24 to
                  | 0.30-a0-918-g0ff054e9dc
  3562 | D        | Reached skill level 23 in Maces & Flails
  3564 | D        | Noticed a centaur warrior
  3569 | D        | Noticed a deep troll shaman
  3577 | D        | Noticed a sphinx
  3580 | D        | Noticed a fire giant
  3603 | D        | Killed a centaur warrior
  3603 | D        | Noticed a vampire mage
  3606 | D        | Killed a deep troll shaman
  3611 | D        | Noticed a stone giant
  3619 | D        | Killed a sphinx
  3624 | D        | Killed a fire giant
  3628 | D        | Mangled by a stone giant

Illustrated notes

Levels and vault maps discovered:
D:        linesprint [early_d, line_temple, items_1, d_10, items_2, lair_1,
          lair_end, items_3, orc_1, orc_end, items_4, d_15, swamp_1, shoals_1,
          snake_1, spider_1, d_20, vaults_1, items_5, swamp_end, shoals_end,
          snake_end, spider_end, vaults_end, d_27, items_6, zot_1, zot_end,
          crypt_end, forest_end, elf_end, slime_end, tomb_end, abyss_end,
          pan_hell_end]

Skill      XL: |  1  2  3  4  5  6  7  8  9 10 11 12 |
---------------+-------------------------------------+-----
Maces & Flails | 6 8 10 13 15 17 20 22 23 | 23.9
Armour         | 3 5 7 9 10 12 14 16 17 | 17.3
Fighting       | 4 5 7 9 11 12 14 16 17 | 17.5
Dodging        | 4 5 7 9 10 12 13 15 16 | 16.3
Throwing       | 4 7 |  7.3

Action                     |  1- 3 |  4- 6 |  7- 9 | 10-12 || total
---------------------------+-------+-------+-------+-------++-------
  Melee: Flail             |    26 |       |       |       ||    26
         Headbutt          |     3 |     7 |    17 |    90 ||   117
         Punch             |     1 |       |       |       ||     1
         Dire flail        |     1 |    20 |    46 |   339 ||   406
  Throw: Javelin           |       |       |       |     2 ||     2
 Invoke: Call Merchant     |       |       |       |     3 ||     3
    Use: Potion            |     2 |       |     1 |     1 ||     4
   Stab: Distracted        |       |       |     1 |     5 ||     6
 Armour: Leather armour    |     5 |       |       |       ||     5
         Chain mail        |       |     7 |    16 |    95 ||   118
  Dodge: Dodged            |    19 |    15 |    27 |    90 ||   151

Table legend: (Time is in decaauts)
 A = Elapsed time spent in this place.
 B = Non-inter-level travel time spent in this place.
 C = Inter-level travel time spent in this place.
 D = Time resting spent in this place.
 E = Time spent auto-exploring this place.
 F = Levels seen in this place.
 G = Mean time per level.
                   A        B        C        D        E       F      G
               +--------+--------+--------+--------+--------+-----+--------+
         Total |   3480 |   3466 |     14 |   2328 |     92 |   1 | 3480.0 |
       Dungeon |   3480 |   3466 |     14 |   2328 |     92 |   1 | 3480.0 |
               +--------+--------+--------+--------+--------+-----+--------+

Top non-repeatable levels by time:
       D: 3480 daAuts
